[ AOE2 MATCH · #482807418 ]
UnrankedTurks vs Persians
Player's team · LOSS
[ REPLAY ANALYSIS · EXTRACTED FROM THE RECORDED GAME ]
Feudal
—
Castle
—
Imperial
—
| APM avg | 16.9 |
| APM peak | 36 |
| eAPM avg | 4.5 |
| Villagers / military | 0 / 0 |
Focus
⚔️ 96.3% · 🌾 3.7%
Feudal
—
Castle
—
Imperial
—
| APM avg | 5.5 |
| APM peak | 29 |
| eAPM avg | 3.0 |
| Villagers / military | 0 / 0 |
Focus
⚔️ 100.0% · 🌾 0.0%
Feudal
—
Castle
—
Imperial
—
| APM avg | 45.8 |
| APM peak | 76 |
| eAPM avg | 40.4 |
| Villagers / military | 0 / 189 |
Focus
⚔️ 98.2% · 🌾 1.8%
Spearman ×189
Feudal
—
Castle
—
Imperial
—
| APM avg | 38.5 |
| APM peak | 100 |
| eAPM avg | 19.0 |
| Villagers / military | 0 / 403 |
Focus
⚔️ 90.9% · 🌾 9.1%
Steppe Lancer ×302 · Cavalry Archer ×101
Feudal
—
Castle
—
Imperial
—
| APM avg | 40.6 |
| APM peak | 83 |
| eAPM avg | 18.9 |
| Villagers / military | 0 / 0 |
Focus
⚔️ 99.7% · 🌾 0.3%
Feudal
—
Castle
—
Imperial
—
| APM avg | 26.0 |
| APM peak | 65 |
| eAPM avg | 16.3 |
| Villagers / military | 0 / 0 |
Focus
⚔️ 62.5% · 🌾 37.5%
Feudal
—
Castle
—
Imperial
—
| APM avg | 15.8 |
| APM peak | 33 |
| eAPM avg | 2.3 |
| Villagers / military | 0 / 0 |
Feudal
—
Castle
—
Imperial
—
| APM avg | 20.7 |
| APM peak | 52 |
| eAPM avg | 14.1 |
| Villagers / military | 0 / 319 |
Focus
⚔️ 91.6% · 🌾 8.4%
Camel Scout ×319
Match map
Initial resources + every placement click. Lines = walls · curves = elevation contours. ◆ gold · ⬟ stone · ● berries · ✦ relic · ◌ wall gap
Your base· Open
Jesus's base· Open
Burberry's base· Open
sonergonul's base· ✓ Map-separated
dennis's base· Open
marie.rivais's base· ✓ Map-separated
rbartej's base· Open
heart's base· Open
Smoothed initial terrain · ◌ = detected wall gap · hover for details
Inputs per minute
— RJnoticer - - Jesus
Build order — RJnoticer
9 actions detected in the replay
| 16:45 | Research | Leather Archer Armor |
| 16:46 | Research | Bodkin Arrow |
| 16:46 | Research | Iron Casting |
| 16:47 | Research | Chain Mail Armor |
| 16:48 | Research | Chain Barding Armor |
| 16:51 | Research | Treadmill Crane |
| 16:51 | Research | Ballistics |
| 16:52 | Research | Guard Tower (upgrade) |
| 16:54 | Research | Sipahi |
Build order — Jesus
0 actions detected in the replay
Build order — Burberry
85 actions detected in the replay
| 11:53 | Research | Chain Mail Armor |
| 11:54 | Research | Iron Casting |
| 11:54 | Research | Chain Barding Armor |
| 11:54 | Research | Bodkin Arrow |
| 11:55 | Research | Leather Archer Armor |
| 11:56 | Research | Ballistics |
| 11:57 | Research | Tech 909 |
| 11:58 | Research | Tech 908 |
| 11:58 | Research | Careening |
| 12:30 | Build | Barracks |
| 12:32 | Build | Stable |
| 12:34 | Build | Stable |
| 12:36 | Build | Stable |
| 12:38 | Build | Stable |
| 12:41 | Build | Stable |
| 12:44 | Build | Stable |
| 12:51 | Build | Stable |
| 12:52 | Build | Stable |
| 12:53 | Build | Stable |
| 12:54 | Build | Stable |
| 12:55 | Build | Stable |
| 12:56 | Build | Stable |
| 12:57 | Build | Stable |
| 13:18 | Build | Barracks |
| 13:20 | Build | Barracks |
| 13:21 | Build | Barracks |
| 13:23 | Build | Barracks |
| 13:24 | Build | Barracks |
| 13:28 | Build | Barracks |
| 13:29 | Build | Barracks |
| 13:30 | Build | Barracks |
| 13:32 | Build | Barracks |
| 13:33 | Build | Barracks |
| 13:34 | Build | Barracks |
| 13:41 | Build | Barracks |
| 13:42 | Build | Barracks |
| 13:47 | Build | Barracks |
| 13:53 | Research | Pikeman (upgrade) |
| 13:53 | Research | Long Swordsman (upgrade) |
| 15:07 | Create | Spearman ×5 |
| 15:07 | Create | Spearman ×5 |
| 15:08 | Create | Spearman ×5 |
| 15:09 | Create | Spearman ×5 |
| 15:09 | Create | Spearman ×5 |
| 15:10 | Create | Spearman ×5 |
| 15:10 | Create | Spearman ×5 |
| 15:11 | Create | Spearman ×5 |
| 15:12 | Create | Spearman ×5 |
| 15:12 | Create | Spearman ×5 |
| 15:12 | Create | Spearman ×5 |
| 15:13 | Create | Spearman ×5 |
| 15:13 | Create | Spearman ×5 |
| 15:14 | Create | Spearman ×5 |
| 15:14 | Create | Spearman ×5 |
| 15:19 | Build | Barracks |
| 15:21 | Build | Barracks |
| 15:22 | Build | Barracks |
| 15:23 | Build | Barracks |
| 15:25 | Build | Barracks |
| 16:10 | Create | Spearman ×5 |
| 16:10 | Create | Spearman ×5 |
| 16:11 | Create | Spearman ×5 |
| 16:11 | Create | Spearman ×5 |
| 16:11 | Create | Spearman ×5 |
| 16:11 | Create | Spearman ×5 |
| 16:12 | Create | Spearman ×5 |
| 16:12 | Create | Spearman ×5 |
| 16:13 | Create | Spearman ×5 |
| 16:24 | Create | Spearman ×4 |
| 16:25 | Create | Spearman |
| 16:31 | Create | Spearman ×2 |
| 16:31 | Create | Spearman ×2 |
| 16:58 | Create | Spearman ×5 |
| 16:58 | Create | Spearman ×5 |
| 16:59 | Create | Spearman |
| 17:00 | Create | Spearman ×5 |
| 17:00 | Create | Spearman ×5 |
| 17:44 | Create | Spearman ×5 |
| 17:44 | Create | Spearman ×5 |
| 17:44 | Create | Spearman ×5 |
| 17:45 | Create | Spearman ×5 |
| 17:46 | Create | Spearman ×5 |
| 17:46 | Create | Spearman ×5 |
| 17:47 | Create | Spearman ×5 |
| 17:47 | Create | Spearman ×4 |
Build order — sonergonul
137 actions detected in the replay
| 7:00 | Build | Stable |
| 7:01 | Build | Stable |
| 7:02 | Build | Stable |
| 7:04 | Build | Stable |
| 7:50 | Research | Bloodlines |
| 7:57 | Build | Stable |
| 7:58 | Build | Stable |
| 8:00 | Build | Stable |
| 8:01 | Build | Stable |
| 8:02 | Build | Stable |
| 8:04 | Build | Stable |
| 8:05 | Build | Stable |
| 8:06 | Build | Stable |
| 8:08 | Build | Stable |
| 8:13 | Build | Archery Range |
| 8:15 | Build | Archery Range |
| 8:16 | Build | Archery Range |
| 8:18 | Build | Archery Range |
| 13:10 | Research | Husbandry |
| 13:10 | Research | Husbandry |
| 13:10 | Research | Husbandry |
| 13:14 | Create | Steppe Lancer ×5 |
| 13:14 | Create | Steppe Lancer ×5 |
| 13:14 | Create | Steppe Lancer ×5 |
| 13:14 | Create | Steppe Lancer ×5 |
| 13:15 | Create | Steppe Lancer ×5 |
| 13:15 | Create | Steppe Lancer ×5 |
| 13:15 | Create | Steppe Lancer ×5 |
| 13:15 | Create | Steppe Lancer ×5 |
| 13:16 | Create | Steppe Lancer ×5 |
| 13:16 | Create | Steppe Lancer ×5 |
| 13:16 | Create | Steppe Lancer ×5 |
| 13:16 | Create | Steppe Lancer ×5 |
| 13:17 | Create | Steppe Lancer ×5 |
| 13:17 | Create | Steppe Lancer ×5 |
| 13:17 | Create | Steppe Lancer ×5 |
| 13:17 | Create | Steppe Lancer ×5 |
| 13:17 | Create | Steppe Lancer ×5 |
| 13:18 | Create | Steppe Lancer ×5 |
| 13:18 | Create | Steppe Lancer ×5 |
| 13:18 | Create | Steppe Lancer ×5 |
| 13:18 | Create | Steppe Lancer ×5 |
| 13:19 | Create | Steppe Lancer ×5 |
| 13:19 | Create | Steppe Lancer ×5 |
| 13:19 | Create | Steppe Lancer ×5 |
| 13:19 | Create | Steppe Lancer ×5 |
| 13:20 | Create | Steppe Lancer ×5 |
| 13:20 | Create | Steppe Lancer ×5 |
| 13:20 | Create | Steppe Lancer ×5 |
| 13:20 | Create | Steppe Lancer ×4 |
| 13:30 | Create | Cavalry Archer ×5 |
| 13:30 | Create | Cavalry Archer ×5 |
| 13:31 | Create | Cavalry Archer ×5 |
| 13:31 | Create | Cavalry Archer ×5 |
| 13:31 | Create | Cavalry Archer ×5 |
| 13:31 | Create | Cavalry Archer ×5 |
| 13:32 | Create | Cavalry Archer ×5 |
| 13:32 | Create | Cavalry Archer ×5 |
| 13:39 | Research | Bodkin Arrow |
| 13:39 | Research | Bodkin Arrow |
| 13:39 | Research | Leather Archer Armor |
| 13:40 | Research | Leather Archer Armor |
| 13:40 | Research | Chain Barding Armor |
| 13:40 | Research | Chain Barding Armor |
| 13:41 | Research | Iron Casting |
| 13:41 | Research | Iron Casting |
| 13:41 | Research | Iron Casting |
| 13:44 | Research | Treadmill Crane |
| 13:44 | Research | Treadmill Crane |
| 13:45 | Research | Ballistics |
| 13:45 | Research | Guard Tower (upgrade) |
| 13:45 | Research | Guard Tower (upgrade) |
| 13:46 | Research | Tech 908 |
| 13:46 | Research | Tech 908 |
| 13:47 | Research | Careening |
| 13:47 | Research | Careening |
| 13:51 | Research | Silk Armor |
| 13:52 | Research | Silk Armor |
| 13:52 | Research | Silk Armor |
| 13:56 | Create | Steppe Lancer ×5 |
| 13:56 | Create | Steppe Lancer ×5 |
| 13:57 | Create | Steppe Lancer ×5 |
| 13:57 | Create | Steppe Lancer ×5 |
| 13:57 | Create | Steppe Lancer ×5 |
| 13:57 | Create | Steppe Lancer ×5 |
| 13:57 | Create | Steppe Lancer ×3 |
| 14:50 | Create | Steppe Lancer ×5 |
| 14:50 | Create | Steppe Lancer ×5 |
| 14:51 | Create | Steppe Lancer ×5 |
| 14:51 | Create | Steppe Lancer ×5 |
| 14:51 | Create | Steppe Lancer ×5 |
| 14:51 | Create | Steppe Lancer ×5 |
| 14:51 | Create | Steppe Lancer ×2 |
| 15:57 | Build | Archery Range |
| 15:57 | Build | Archery Range |
| 15:58 | Build | Archery Range |
| 15:58 | Build | Archery Range |
| 15:58 | Build | Archery Range |
| 15:59 | Build | Archery Range |
| 15:59 | Build | Archery Range |
| 16:00 | Build | Archery Range |
| 16:00 | Build | Archery Range |
| 16:01 | Build | Archery Range |
| 16:01 | Build | Archery Range |
| 16:02 | Build | Archery Range |
| 16:14 | Create | Steppe Lancer ×5 |
| 16:14 | Create | Steppe Lancer ×5 |
| 16:14 | Create | Steppe Lancer ×5 |
| 16:15 | Create | Steppe Lancer ×5 |
| 16:15 | Create | Steppe Lancer ×5 |
| 16:15 | Create | Steppe Lancer ×5 |
| 16:15 | Create | Steppe Lancer ×5 |
| 16:16 | Create | Steppe Lancer ×5 |
| 16:16 | Create | Steppe Lancer ×3 |
| 16:50 | Create | Steppe Lancer ×5 |
| 16:50 | Create | Steppe Lancer ×5 |
| 16:51 | Create | Steppe Lancer ×5 |
| 16:51 | Create | Steppe Lancer ×5 |
| 16:51 | Create | Steppe Lancer ×5 |
| 16:51 | Create | Steppe Lancer ×5 |
| 16:52 | Create | Steppe Lancer ×5 |
| 16:52 | Create | Steppe Lancer ×5 |
| 16:52 | Create | Steppe Lancer ×5 |
| 16:52 | Create | Steppe Lancer ×5 |
| 17:18 | Create | Cavalry Archer ×5 |
| 17:18 | Create | Cavalry Archer ×5 |
| 17:18 | Create | Cavalry Archer ×5 |
| 17:19 | Create | Cavalry Archer ×5 |
| 17:19 | Create | Cavalry Archer ×5 |
| 17:19 | Create | Cavalry Archer ×5 |
| 17:19 | Create | Cavalry Archer ×5 |
| 17:20 | Create | Cavalry Archer ×5 |
| 17:20 | Create | Cavalry Archer ×5 |
| 17:20 | Create | Cavalry Archer ×5 |
| 17:20 | Create | Cavalry Archer ×5 |
| 17:20 | Create | Cavalry Archer ×5 |
| 17:21 | Create | Cavalry Archer |
Build order — dennis
14 actions detected in the replay
| 15:08 | Research | Iron Casting |
| 15:09 | Research | Chain Mail Armor |
| 15:10 | Research | Chain Barding Armor |
| 15:10 | Research | Chain Barding Armor |
| 15:11 | Research | Bodkin Arrow |
| 15:11 | Research | Leather Archer Armor |
| 15:12 | Research | Leather Archer Armor |
| 15:13 | Research | Treadmill Crane |
| 15:14 | Research | Ballistics |
| 15:14 | Research | Guard Tower (upgrade) |
| 15:15 | Research | Tech 908 |
| 15:15 | Research | Tech 908 |
| 15:15 | Research | Careening |
| 15:16 | Research | Careening |
Build order — marie.rivais
0 actions detected in the replay
Build order — rbartej
0 actions detected in the replay
Build order — heart
94 actions detected in the replay
| 9:17 | Build | Stable |
| 9:18 | Build | Stable |
| 9:19 | Build | Stable |
| 9:20 | Build | Stable |
| 9:24 | Build | Stable |
| 9:27 | Build | Stable |
| 9:29 | Build | Stable |
| 9:30 | Build | Stable |
| 9:32 | Build | Stable |
| 9:33 | Build | Stable |
| 9:34 | Build | Stable |
| 9:35 | Build | Stable |
| 9:37 | Build | Stable |
| 10:15 | Research | Bloodlines |
| 10:52 | Create | Camel Scout ×5 |
| 10:52 | Create | Camel Scout ×5 |
| 10:53 | Create | Camel Scout ×5 |
| 10:53 | Create | Camel Scout ×5 |
| 10:53 | Create | Camel Scout ×5 |
| 10:53 | Create | Camel Scout ×5 |
| 10:54 | Create | Camel Scout ×5 |
| 11:12 | Create | Camel Scout ×5 |
| 11:12 | Create | Camel Scout ×5 |
| 11:12 | Create | Camel Scout ×5 |
| 11:13 | Create | Camel Scout ×5 |
| 11:13 | Create | Camel Scout ×2 |
| 11:13 | Create | Camel Scout ×2 |
| 11:50 | Create | Camel Scout ×5 |
| 11:51 | Create | Camel Scout ×5 |
| 11:51 | Create | Camel Scout ×5 |
| 11:51 | Create | Camel Scout ×5 |
| 11:51 | Create | Camel Scout ×5 |
| 11:52 | Create | Camel Scout ×5 |
| 11:52 | Create | Camel Scout |
| 12:58 | Create | Camel Scout ×5 |
| 12:58 | Create | Camel Scout ×5 |
| 12:58 | Create | Camel Scout ×5 |
| 12:59 | Create | Camel Scout ×5 |
| 12:59 | Create | Camel Scout ×5 |
| 12:59 | Create | Camel Scout ×5 |
| 13:00 | Create | Camel Scout ×5 |
| 13:00 | Create | Camel Scout ×5 |
| 13:01 | Create | Camel Scout ×5 |
| 13:01 | Create | Camel Scout ×5 |
| 14:15 | Research | Husbandry |
| 14:15 | Create | Camel Scout ×5 |
| 14:16 | Create | Camel Scout ×5 |
| 14:16 | Create | Camel Scout ×5 |
| 14:16 | Create | Camel Scout ×5 |
| 14:16 | Create | Camel Scout ×5 |
| 14:17 | Create | Camel Scout ×5 |
| 14:17 | Create | Camel Scout ×5 |
| 14:17 | Create | Camel Scout ×5 |
| 14:18 | Create | Camel Scout ×5 |
| 14:18 | Create | Camel Scout ×5 |
| 14:18 | Create | Camel Scout ×5 |
| 14:19 | Create | Camel Scout ×5 |
| 14:26 | Research | Iron Casting |
| 14:27 | Research | Chain Barding Armor |
| 14:28 | Research | Chain Mail Armor |
| 14:29 | Research | Bodkin Arrow |
| 14:29 | Research | Leather Archer Armor |
| 14:35 | Research | Kshatriyas |
| 14:35 | Research | Kshatriyas |
| 14:36 | Research | Kshatriyas |
| 14:44 | Build | Stable |
| 14:46 | Build | Stable |
| 14:47 | Build | Stable |
| 14:49 | Build | Stable |
| 14:51 | Build | Stable |
| 15:03 | Create | Camel Scout ×5 |
| 15:04 | Create | Camel Scout ×5 |
| 15:04 | Create | Camel Scout ×5 |
| 15:04 | Create | Camel Scout ×5 |
| 15:05 | Create | Camel Scout ×5 |
| 15:05 | Create | Camel Scout ×5 |
| 15:05 | Create | Camel Scout ×5 |
| 15:06 | Create | Camel Scout ×5 |
| 15:06 | Create | Camel Scout ×4 |
| 16:04 | Create | Camel Scout ×5 |
| 16:04 | Create | Camel Scout ×5 |
| 16:05 | Create | Camel Scout ×5 |
| 16:05 | Create | Camel Scout ×5 |
| 16:05 | Create | Camel Scout ×5 |
| 16:06 | Create | Camel Scout ×5 |
| 16:06 | Create | Camel Scout ×5 |
| 16:06 | Create | Camel Scout ×5 |
| 16:50 | Create | Camel Scout ×5 |
| 16:50 | Create | Camel Scout ×5 |
| 16:51 | Create | Camel Scout ×5 |
| 16:51 | Create | Camel Scout ×5 |
| 16:51 | Create | Camel Scout ×5 |
| 16:52 | Create | Camel Scout ×5 |
| 16:52 | Create | Camel Scout ×5 |
Match timeline
| 7:00 | sonergonul · first_building Stable |
| 8:13 | sonergonul · first_building Archery Range |
| 9:17 | heart · first_building Stable |
| 12:30 | Burberry · first_building Barracks |
| 12:32 | Burberry · first_building Stable |
| 15:14 | rbartej · resign |
[ AI ANALYSIS · 1 CREDIT ]
What really happened in this match?
Wolo.gg analyzes every decision: build order, eco, micro, common mistakes by bracket. Personalized analysis on WhatsApp or Discord in 30 seconds.
Civ guide
Turks
Map guide
CBA_=REQUIEM=_V292 (Scenario)
Perfil
Jugador #24669607